 Dungeon Crawl Stone Soup version 0.19-a0-1899-g2d93087 (webtiles) character file.

88 PurpleRed the Skirmisher (level 4, -7/37 HPs)
             Began as a Formicid Fighter on Oct 20, 2016.
             Killed by divine providence
             ... invoked by an orc priest
              (16 damage)
             ... on level 3 of the Dungeon.
             The game lasted 00:01:41 (1220 turns).

PurpleRed the Skirmisher (Formicid Fighter)         Turns: 1220, Time: 00:01:42

Health: -7/37      AC:  6    Str: 22    XL:     4   Next: 81%
Magic:  4/4        EV:  8    Int:  7    God:
Gold:   100        SH:  9    Dex: 10    Spells: 0 memorised, 3 levels left

rFire  . . .     SeeInvis +     a - +0 war axe
rCold  + . .     Gourm    .     b - +0 scale mail
rNeg   . . .     Faith    .     c - +0 shield
rPois  .         Spirit   .     (helmet unavailable)
rElec  .         Reflect  .     (no cloak)
rCorr  .         Harm     .     (no gloves)
MR     .....                    (no boots)
Stlth  ..........               (no amulet)
                                (no ring)
                                i - ring of protection from cold

@: no status effects
A: permanent stasis, dig shafts and tunnels, four strong arms, antennae 3
a: Dig, Shaft Self


You were on level 3 of the Dungeon.
You were very hungry.

You visited 1 branch of the dungeon, and saw 3 of its levels.

You collected 100 gold pieces.

Inventory:

Hand Weapons
 a - a +0 war axe (weapon)
Armour
 b - a +0 scale mail (worn)
 c - a +0 shield (worn)
Jewellery
 i - a ring of protection from cold (left hand)
Scrolls
 e - a scroll of blinking {unknown}
 g - 3 scrolls of identify {unknown}
 j - a scroll of teleportation {unknown}
 n - a scroll of amnesia {unknown}
 o - a scroll of random uselessness {unknown}
 q - a scroll of remove curse {unknown}
Potions
 d - a potion of might
 l - a potion of haste {unknown}
 m - 2 potions of agility {unknown}
 p - a potion of curing {unknown}
Comestibles
 f - a bread ration
 h - a meat ration
 k - a slice of pizza


   Skills:
 + Level 4.1 Fighting
 * Level 4.0 Axes
 - Level 3.2 Armour
 - Level 3.6 Shields


You had 3 spell levels left.
You didn't know any spells.

Dungeon Overview and Level Annotations

Branches:
Dungeon (3/15)

Altars:
Dithmenos


Innate Abilities, Weirdness & Mutations

You are under a permanent stasis effect.
You can dig through walls and to a lower floor.
Your four strong arms can wield two-handed weapons with a shield.
You have a pair of large antennae on your head. (SInv)


Message History

You kill the orc!
You hit the orc. You completely miss the orc priest.
The orc priest calls upon Beogh to heal the orc priest.
The orc priest is healed somewhat.
The orc priest hits you with a flail. The orc closely misses you.
The orc priest closely misses you.
You hit the orc priest.
You kill the orc priest!
Your Fighting skill increases to level 4!
Your Axes skill increases to level 4!
You hit the orc.
You kill the orc!
You hit the orc priest. The orc priest hits you with a flail.
You hit the orc priest.
The orc priest is heavily wounded.
The orc priest calls down the wrath of Beogh upon you.
Beogh smites you!
* * * LOW HITPOINT WARNING * * *
The orc priest calls down the wrath of Beogh upon you.
Beogh smites you!
You die...

##.....#.#
##......[.#.#
#?........#.#
+...........
#........[#
#.......# #.o)(.#
#)@.# ##(## #.#
#.##### ##.....#
. ##...##.## ...
#.........
.....##...##.#.
...........#.#.##


You could see an orc priest.

Vanquished Creatures
  An orc priest (D:3)
  An adder (D:2)
  A worm (D:2)
  A dart slug (D:2)
  3 leopard geckos
  3 orcs (D:3)
  A giant cockroach (D:1)
  5 goblins
  6 hobgoblins (D:1)
  4 kobolds (D:1)
  7 bats
  2 frilled lizards
  A rat (D:1)
  2 plants (D:2)
38 creatures vanquished.

Notes
Turn   | Place    | Note
-------+----------+-------------------------------------------
     0 | D:1      | PurpleRed the Formicid Fighter began the quest for the Orb.
     0 | D:1      | Reached XP level 1. HP: 18/18 MP: 1/1
   134 | D:1      | Reached XP level 2. HP: 24/24 MP: 2/2
   407 | D:1      | Reached XP level 3. HP: 29/29 MP: 3/3
   750 | D:2      | Found a shadowy altar of Dithmenos.
  1009 | D:2      | Reached XP level 4. HP: 27/37 MP: 4/4
  1220 | D:3      | Killed from afar by an orc priest

Vault maps used:
D:1:      mrwooster_arrival_arrow, minmay_tripent
D:2:      serial_bayou_ford_a, nicolae_dithmenos_shadow_blocks
D:3:      uniq_grinder

Skill      XL: |  1  2  3  4 |
---------------+-------------+-----
Axes           | 3 4 |  4.0
Fighting       | 4 |  4.1
Armour         | |  3.2
Shields        | |  3.6

Action                   |  1- 3 |  4- 6 || total
-------------------------+-------+-------++-------
Melee: War axe           |   106 |    19 ||   125
Armor: Scale mail        |    42 |     6 ||    48
Dodge: Dodged            |    29 |     7 ||    36
Block: Shield            |    54 |     9 ||    63
